 Dungeon Crawl Stone Soup version 0.28.0 (webtiles) character file.

Game seed: 12517012473400418711

304 Sanktem7 the Chopper (level 6, -3/56 HPs)
             Began as a Minotaur Fighter on Feb 12, 2022.
             Slain by Edmund (9 damage)
             ... on level 4 of the Dungeon.
             The game lasted 00:05:59 (2907 turns).

Sanktem7 the Chopper (Minotaur Fighter)             Turns: 2907, Time: 00:06:00

Health: -3/56      AC: 12    Str: 23    XL:     6   Next: 15%
Magic:  5/5        EV:  7    Int:  5    God:
Gold:   77         SH:  4    Dex:  9    Spells: 5/5 levels left

rFire   . . .      SeeInvis .   a - +0 war axe
rCold   . . .      Faith    +   c - +0 buckler
rNeg    . . .      Spirit   .   j - +0 chain mail
rPois   .          Reflect  .   (helmet restricted)
rElec   .          Harm     .   (no cloak)
rCorr   .          Rampage  .   o - +1 Delatra's gloves {ID++}
Will    .....                   (no boots)
Stlth   ..........              l - amulet of faith
HPRegen 0.18/turn               (no ring)
MPRegen 0.09/turn               (no ring)

@: no status effects
A: horns 2, retaliatory headbutt
a: no special abilities


You were on level 4 of the Dungeon.
You visited 1 branch of the dungeon, and saw 4 of its levels.

You collected 77 gold pieces.

Inventory:

Hand Weapons
 a - a +0 war axe (weapon)
Armour
 c - a +0 buckler (worn)
 j - a +0 chain mail (worn)
 o - the +1 Delatra's gloves (worn) {ID++}
   (You found it on level 3 of the Dungeon)

   It heals its wearer when they drink unknown potions.
   It restores its wearer's MP when they read unknown scrolls.
Jewellery
 l - an amulet of faith (around neck)
Scrolls
 b - a scroll of enchant armour {unknown}
 f - a scroll of magic mapping {unknown}
 h - 4 scrolls of identify
 k - a scroll of blinking {unknown}
 p - a scroll of enchant weapon {unknown}
Potions
 d - a potion of might
 e - a potion of mutation {unknown}
 g - a potion of attraction {unknown}
 i - 3 potions of heal wounds
 m - a potion of flight {unknown}
 n - 3 potions of curing {unknown}


   Skills:
 * Level 5.0 Fighting
 * Level 5.9 Axes
 * Level 5.1 Armour
 + Level 0.4 Dodging
 - Level 3.6 Shields


You had 5 spell levels left.
You didn't know any spells.
Your spell library contained the following spells:

 Spells                   Type           Power      Damage    Failure   Level
 Shock                    Conj/Air       0%         1d3       99%         1
 Portal Projectile        Hex/Tloc       0%         N/A       100%        3
 Swiftness                Air            0%         N/A       100%        3
 Airstrike                Air            0%         N/A       100%        4
 Blade Hands              Tmut           0%         N/A       100%        5
 Excruciating Wounds      Necr           0%         N/A       100%        5


Dungeon Overview and Level Annotations

Branches:
Dungeon (4/15)
 Temple: D:4-7

Altars:
Nemelex Xobeh
Qazlal

Annotations:
D:4 Edmund


Innate Abilities, Weirdness & Mutations

You have a pair of horns on your head.
You reflexively headbutt those who attack you in melee.


Message History

You block Edmund's attack.
Edmund hits you with a +3 flail of protection!
You hit Edmund. Your headbutt misses Edmund.
Edmund is moderately wounded.
Edmund hits you with a +3 flail of protection.
You barely miss Edmund.
Edmund is moderately wounded.
Edmund hits you with a +3 flail of protection.
You barely miss Edmund.
Edmund is moderately wounded.
Edmund hits you with a +3 flail of protection.
You hit Edmund.
Edmund is heavily wounded.
Edmund hits you but does no damage. x2
You hit Edmund.
Edmund is heavily wounded.
Edmund hits you but does no damage.
You barely miss Edmund. You headbutt Edmund, but do no damage.
Edmund is heavily wounded.
Edmund hits you with a +3 flail of protection.
You hit Edmund but do no damage.
Edmund is heavily wounded.
Edmund hits you with a +3 flail of protection.
You hit Edmund but do no damage. Your headbutt misses Edmund.
Edmund is heavily wounded.
Edmund hits you with a +3 flail of protection!
Edmund hits you with a +3 flail of protection.
You slash Edmund! You headbutt Edmund, but do no damage.
Edmund is severely wounded.
Edmund hits you with a +3 flail of protection.
* * * LOW HITPOINT WARNING * * *
You slash Edmund!
Edmund is almost dead.
Edmund says, "A flail is better than a scythe, any day of the week!"
Edmund hits you with a +3 flail of protection!
* * * LOW HITPOINT WARNING * * *
You barely miss Edmund.
Edmund is almost dead.
Edmund hits you with a +3 flail of protection!
You die...

≈... #.... ##.#.. #..<.#
##)#... #..... ###......
#..... ###........
##.....## ###...#......
........####...#####....
.........#.....## ##...
.:....@@........# ##..
................## #..
......#..........# ##.
###.(##...........# #.
##. #............# ## #
#............# #
#.............#
#...........###
..#.........##


You could see Edmund.

Vanquished Creatures
  A hound (D:4)
  Natasha (thrice) (D:2)
  2 orc wizards (D:3)
  A hound skeleton (D:4)
  Robin (D:2)
  2 adders
  An ufetubus (D:4)
  A worm (D:2)
  6 orcs (D:3)
  9 endoplasms
  4 giant cockroaches
  13 goblins
  9 hobgoblins
  4 jackals (D:2)
  5 quokkas (D:1)
  9 ball pythons
  6 bats
  3 frilled lizards
  7 kobolds
  2 rats
89 creatures vanquished.

Vanquished Creatures (others)
  A plant (D:1)
1 creature vanquished.

Grand Total: 90 creatures vanquished

Notes
Turn   | Place    | Note
-------+----------+-------------------------------------------
     0 | D:1      | Sanktem7 the Minotaur Fighter began the quest for the Orb.
     0 | D:1      | Reached XP level 1. HP: 19/19 MP: 0/0
     1 | D:1      | Noticed an electric eel
    96 | D:1      | Reached XP level 2. HP: 25/27 MP: 1/1
   170 | D:1      | Found a faded altar of an unknown god.
   520 | D:1      | Reached XP level 3. HP: 30/33 MP: 2/2
   729 | D:2      | Noticed Robin
   758 | D:2      | Killed Robin
   925 | D:2      | Reached XP level 4. HP: 41/41 MP: 3/3
   943 | D:2      | Noticed Natasha
   945 | D:2      | Killed Natasha
   980 | D:2      | Noticed Natasha
   990 | D:2      | Killed Natasha
  1331 | D:2      | Reached XP level 5. HP: 47/47 MP: 4/4
  1337 | D:2      | Noticed Natasha
  1344 | D:2      | Killed Natasha
  1393 | D:2      | Reached skill level 5 in Axes
  1854 | D:3      | Found a sparkling altar of Nemelex Xobeh.
  2296 | D:3      | Found the +1 Delatra's gloves {ID++}
  2712 | D:4      | Found a stormy altar of Qazlal.
  2758 | D:4      | Reached skill level 5 in Fighting
  2758 | D:4      | Reached XP level 6. HP: 56/56 MP: 5/5
  2815 | D:4      | Reached skill level 5 in Armour
  2887 | D:4      | Noticed Edmund
  2907 | D:4      | Slain by Edmund

Illustrated notes

Levels and vault maps discovered:
D:1:      arrival_aquarium_a, layout_basic,
          shapermc_ecumenical_altar_mp_ritualfount
D:2:      layout_basic, uniq_natasha, uniq_robin
D:3:      layout_loops_corners, nemelex_diamond_rough_becter,
          pf_guarded_unrand_delatra
D:4:      wander_river, layout_cave_pods, overflow_temple_1_default,
          nicolae_qazlal_eye_of_the_storm, grunt_temple_overflow_open,
          uniq_edmund, uniq_pikel, uniq_grinder

Skill      XL: |  1  2  3  4  5  6 |
---------------+-------------------+-----
Fighting       | 4 5 |  5.0
Armour         | 4 5 |  5.1
Axes           | 3 4 5 |  5.9
Dodging        | |  0.4
Shields        | |  3.6

Action                   |  1- 3 |  4- 6 || total
-------------------------+-------+-------++-------
Melee: War axe           |    79 |    96 ||   175
       Headbutt          |     7 |    14 ||    21
  Use: Scroll            |       |     3 ||     3
Armor: Scale mail        |    48 |    16 ||    64
       Chain mail        |       |    34 ||    34
Dodge: Dodged            |    45 |    27 ||    72
Block: Buckler           |    19 |    22 ||    41
